 Dungeon Crawl Stone Soup version 0.28-a0-1147-gc7b72d3202 (webtiles) character file.

Game seed: 5977810948469049586

308 ChaosChampion the Agent of Entropy (level 6, -15/48 HPs)
             Began as a Demonspawn Abyssal Knight on Dec 14, 2021.
             Was a Priest of Lugonu.
             Engulfed by a cloud of flame (24 damage)
             ... on level 5 of the Dungeon.
             The game lasted 00:05:48 (5282 turns).

ChaosChampion the Agent of Entropy (DsAK)           Turns: 5282, Time: 00:05:49

Health: -15/48     AC: 11    Str: 15    XL:     6   Next: 16%
Magic:  9/9        EV:  6    Int: 12    God:    Lugonu [***...]
Gold:   217        SH:  0    Dex: 13    Spells: 5/5 levels left

rFire   . . .      SeeInvis +   c - +0 hand axe (elec)
rCold   . . .      Faith    .   (no shield)
rNeg    . . .      Spirit   .   g - +0 chain mail
rPois   .          Reflect  .   (helmet restricted)
rElec   .          Harm     .   u - +1 cloak {Stlth+}
rCorr   +          Rampage  .   (no gloves)
Will    .....                   (no boots)
Stlth   ..........              (no amulet)
HPRegen 1.16/turn               i - ring of see invisible
MPRegen 0.11/turn               s - ring of resist corrosion

@: studying Maces & Flails
A: claws 1, horns 1, powered by death 1
a: Renounce Religion, Depart the Abyss, Bend Space, Banish


You were on level 5 of the Dungeon.
You worshipped Lugonu.
Lugonu was most pleased with you.
You visited 2 branches of the dungeon, and saw 6 of its levels.
You visited the Abyss 1 time.

You collected 217 gold pieces.

Inventory:

Hand Weapons
 a - a +1 hand axe
 c - a +0 hand axe of electrocution (weapon)
Armour
 g - a +0 chain mail (worn)
 u - a +1 cloak of stealth (worn)
Jewellery
 i - a ring of see invisible (left claw)
 s - a ring of resist corrosion (right claw)
Wands
 q - a wand of acid (2)
 v - a wand of iceblast (3)
Scrolls
 d - a scroll of enchant armour {unknown}
 f - a scroll of vulnerability {unknown}
 l - 2 scrolls of identify
 m - a scroll of brand weapon {unknown}
 n - 2 scrolls of blinking {unknown}
 o - 2 scrolls of fear {unknown}
 r - a scroll of teleportation {unknown}
 t - a scroll of acquirement {unknown}
Potions
 b - a potion of mutation {unknown}
 e - 2 potions of curing
 h - 3 potions of lignification {unknown}
 j - a potion of attraction {unknown}
 k - a potion of invisibility {unknown}
 w - a potion of heal wounds {unknown}


   Skills:
 + Level 4.3 Fighting
 + Level 3.2 Axes
 + Level 3.2 Armour
 - Level 1.1 Dodging
 + Level 4.6 Invocations


You had 5 spell levels left.
You didn't know any spells.
Your spell library contained the following spells:

 Spells                   Type           Power      Damage    Failure   Level
 Pain                     Necr           0%         1d4       100%        1
 Shock                    Conj/Air       0%         1d3       100%        1
 Swiftness                Air            0%         N/A       100%        3
 Airstrike                Air            0%         N/A       100%        4
 Agony                    Necr           0%         N/A       100%        5
 Excruciating Wounds      Necr           0%         N/A       100%        5


Dungeon Overview and Level Annotations

Branches:
Dungeon (5/15)             Temple (1/1) D:4

Altars:
Ashenzari
Dithmenos
Elyvilon
Fedhas
Gozag
Kikubaaqudgha
Makhleb
Nemelex Xobeh
Okawaru
Ru
Sif Muna
Trog
Uskayaw
Wu Jian
Xom
Yredelemnul

Shops:
D:3 (


Innate Abilities, Weirdness & Mutations

You have sharp fingernails.
You have a pair of small horns on your head.
You regenerate a little health from kills.


Message History

The adder barely misses you.
You barely miss the adder. Your headbutt misses the adder.
The adder is heavily wounded.
You hit the water moccasin zombie.
Lightning courses through the water moccasin zombie!
You destroy the water moccasin zombie!
Lugonu accepts your kill. The adder completely misses you.
The adder barely misses you.
You have reached level 6!
You slash the adder!
You kill the adder!
Lugonu accepts your kill.
You pick up a manual of Maces & Flails and begin studying.
There are no items here.
A quokka and a sky beast come into view.
You hit the quokka.
The quokka is almost dead.
The quokka bites you. The quokka barely misses you.
The sky beast flickers out of sight for a moment.
As you read the scroll labelled UPLOR KUYFEZECAA, it crumbles to dust.
It is a scroll of identify.
e - 2 potions of curing The quokka bites you but does no damage.
As you read the scroll labelled WEHUAG MUFIPH, it crumbles to dust.
The creatures around you are filled with an inner flame!
It was a scroll of immolation.
The quokka closely misses you.
Your chain mail prevents you from hitting the quokka.
You headbutt the quokka. Lugonu accepts your kill.
The quokka explodes!
The fiery explosion engulfs you!!
Ouch! That really hurt!
* * * LOW HITPOINT WARNING * * *
The fiery explosion engulfs the sky beast!
Flame seeps out of the sky beast.
The sky beast is heavily wounded.
You are engulfed in blazing flames.
Ouch! That really hurt!
You die...

##.## #.......##
....# ##....#..#
....###.....####
.............#
...###......##
....#........#
.............#
.............#######
........#...###.@.Y#
..##..###....##.##ยง#
.###### ###.....# .#
..#.# #.....# .#
....# ##....# .#
...## #####.##.# ...#
##+##.. #...#.#
...##....... #..##.#
................#


You could see a sky beast (inner flame, invisible).

Vanquished Creatures
  A water moccasin zombie (D:5)
  An orc priest (D:3)
  Terence (D:3)
  5 gnolls (D:4)
  4 adders
  An adder zombie (D:5)
  2 worms (D:2)
  2 dart slugs (D:3)
  8 orcs
  5 bats
  4 endoplasms
  5 giant cockroaches
  9 goblins
  11 hobgoblins
  6 quokkas
  10 ball pythons
  A frilled lizard (D:1)
  9 kobolds
  8 rats
93 creatures vanquished.

Vanquished Creatures (others)
  6 fungi (D:3)
  A plant (D:3)
  3 toadstools (D:3)
10 creatures vanquished.

Grand Total: 103 creatures vanquished

Notes
Turn   | Place    | Note
-------+----------+-------------------------------------------
     0 | Abyss:1  | ChaosChampion the Demonspawn Abyssal Knight began the quest
                  | for the Orb.
     0 | Abyss:1  | Reached XP level 1. HP: 18/18 MP: 2/2
    16 | D:1      | Escaped the Abyss
   246 | D:1      | Reached skill level 1 in Dodging
   360 | D:1      | Discovered your monstrous ancestry.
   360 | D:1      | Gained mutation: You have sharp fingernails. [demonic
                  | ancestry]
   360 | D:1      | Reached XP level 2. HP: 10/24 MP: 4/4
  1496 | D:2      | Reached XP level 3. HP: 27/27 MP: 5/5
  1498 | D:2      | Reached ** piety under Lugonu
  2124 | D:3      | Gained mutation: You have a pair of small horns on your
                  | head. [demonic ancestry]
  2124 | D:3      | Reached XP level 4. HP: 16/35 MP: 6/6
  2961 | D:3      | Found an iron altar of Okawaru.
  3048 | D:3      | Found Wacel's Weapon Shoppe.
  3098 | D:3      | Noticed Terence
  3108 | D:3      | Killed Terence
  3109 | D:3      | Gained mutation: You regenerate a little health from kills.
                  | [demonic ancestry]
  3109 | D:3      | Reached XP level 5. HP: 18/42 MP: 7/7
  3316 | D:3      | Found a faded altar of an unknown god.
  3375 | D:3      | Reached *** piety under Lugonu
  4293 | D:4      | Found a broken altar of Ashenzari.
  4387 | D:4      | Found a staircase to the Ecumenical Temple.
  4567 | Temple   | Entered the Ecumenical Temple
  5132 | D:5      | Entered Level 5 of the Dungeon
  5150 | D:5      | Found a shimmering altar of Xom.
  5264 | D:5      | Reached XP level 6. HP: 28/48 MP: 9/9
  5277 | D:5      | Noticed a sky beast
  5282 | D:5      | Engulfed by a cloud of flame

Illustrated notes

Levels and vault maps discovered:
D:1:      giann_horns, layout_basic
D:2:      layout_basic
D:3:      layout_loops_ring, mainiacjoe_overflow_cross_hatched,
          nicolae_elyvilon_temple_path, serial_shops, shop,
          hellmonk_ecumenical_altar_lost_god, grunt_decor_resistance,
          minmay_gold_behind_fungi, uniq_terence
D:4:      layout_basic, kennysheep_mini, minmay_temple_entry_statues_pillars,
          minmay_misc_feat_columns, st_stairs_14
D:5:      layout_cave_pools, mainiacjoe_overflow_small_starburst,
          gammafunk_temple_overflow_statue, minmay_manual_monolith
Temple:   minmay_temple_bridge_abc

Skill      XL: |  1  2  3  4  5 |
---------------+----------------+-----
Dodging        | 1 |  1.1
Armour         | 2 3 |  3.2
Axes           | 2 3 |  3.2
Invocations    | 3 4 |  4.6
Fighting       | 4 |  4.3

Action                   |  1- 3 |  4- 6 || total
-------------------------+-------+-------++-------
Melee: Hand axe          |   120 |   161 ||   281
       Headbutt          |       |    24 ||    24
  Use: Scroll            |       |     2 ||     2
Armor: Chain mail        |    80 |   101 ||   181
       Leather armour    |     1 |       ||     1
Dodge: Dodged            |    34 |    69 ||   103

Table legend: (Time is in decaauts)
 A = Elapsed time spent in this place.
 B = Non-inter-level travel time spent in this place.
 C = Inter-level travel time spent in this place.
 D = Time resting spent in this place.
 E = Time spent auto-exploring this place.
 F = Levels seen in this place.
 G = Mean time per level.
                   A        B        C        D        E       F      G
               +--------+--------+--------+--------+--------+-----+--------+
         Total |   5332 |   5257 |     75 |    383 |   3980 |   7 |  761.7 |
       Dungeon |   5113 |   5038 |     75 |    383 |   3803 |   5 | 1022.6 |
        Temple |    202 |    202 |      0 |      0 |    174 |   1 |  202.0 |
         Abyss |     15 |     15 |      0 |      0 |      3 |   1 |   15.0 |
               +--------+--------+--------+--------+--------+-----+--------+

Top non-repeatable levels by time:
     D:3: 1586 daAuts
     D:1: 1471 daAuts
     D:4: 963 daAuts
     D:2: 940 daAuts
  Temple: 202 daAuts
     D:5: 152 daAuts
 Abyss:1: 15 daAuts
